 Dungeon Crawl Stone Soup version bcrawl-1.27.6 (webtiles) character file.

Game seed: 11786691569571667228

253216 Faustar the Unseen (level 11, -11/56 HPs)
             Began as a Felid Berserker on Sept 10, 2020.
             Was a High Priest of Trog.
             Mangled by a blink frog (15 damage)
             ... on level 5 of the Lair of Beasts on Sept 11, 2020.
             The game lasted 00:59:28 (15930 turns).

Faustar the Unseen (Felid Berserker)               Turns: 15930, Time: 00:59:29

Health: -11/56     AC:  3    Str: 13    XL:     11   Next: 77%
Magic:  22/22      EV: 24    Int: 17    God:    Trog [*****.]
Gold:   241        SH:  0    Dex: 16    Spells: 10/10 levels left
                                        Lives:  0   Deaths: 3

rFire    + + +     SeeInvis +     - Teeth and claws (20.9)
rCold    + + .     Gourm    .   (shield unavailable)
rNeg     . . .     Faith    +   (armour unavailable)
rPois    +         Spirit   .   (helmet unavailable)
rElec    +         Reflect  .   x - scarf {rC+ rF+}
rCorr    .         Harm     .   (gloves unavailable)
MR       +....                  (boots unavailable)
Stlth    ++++++++..             h - amulet of faith
HPRegen  0.18/turn              p - ring of Democracy {rElec rF++ Int+6 Dex-2}
MPRegen  0.18/turn              n - ring of poison resistance

@: studying Evocations, quick
A: very small, no armour, no weapons or thrown items, stealth, claws 1, fangs 3,
see invisible, carnivore, speed 1, shaggy fur 3, slow metabolism 1, sharp paws
a: Berserk, Trog's Hand, Brothers in Arms, Renounce Religion


You were on level 5 of the Lair of Beasts.
You worshipped Trog.
Trog was extremely pleased with you.
You were completely stuffed.

You visited 3 branches of the dungeon, and saw 18 of its levels.

You collected 956 gold pieces.
You spent 715 gold pieces at shops.

Inventory:

Armour
 x - a scarf of resistance (worn)
Jewellery
 a - an uncursed amulet of magic regeneration {unknown}
 h - an amulet of faith (around neck)
 i - a +4 ring of protection
 n - a ring of poison resistance (right paw)
 p - the ring of Democracy (left paw) {rElec rF++ Int+6 Dex-2}
   (You acquired it on level 7 of the Dungeon)

   [ring of insulation]

   It affects your intelligence (+6).
   It affects your dexterity (-2).
   It greatly protects you from fire.
   It insulates you from electricity.
 t - an uncursed amulet of regeneration
 w - an uncursed ring of positive energy
Scrolls
 b - 7 scrolls of teleportation
 d - a scroll of enchant weapon
 f - 7 scrolls of magic mapping
 j - 3 scrolls of amnesia
 r - a scroll of noise
 s - a scroll of blinking
 u - 3 scrolls of fog
 v - 5 scrolls of remove curse
 y - 3 scrolls of identify
Potions
 c - 4 potions of mutation
 g - 4 potions of lignification
 k - a potion of berserk rage
 l - 2 potions of haste
 m - a potion of heal wounds
 o - a potion of brilliance
 z - a potion of agility
 A - 3 potions of curing
 B - a potion of flight
 E - a potion of invisibility {unknown}
Books
 q - a manual of Evocations
Comestibles
 e - 27 rations {!d}


   Skills:
 + Level 5.3 Fighting
 - Level 8.8 Dodging
 - Level 19.0 Stealth
 + Level 12.5 Unarmed Combat
 * Level 13.7 Evocations


You had 10 spell levels left.
You didn't know any spells.
Your spell library was empty.

Dungeon Overview and Level Annotations

Branches:
Dungeon (11/12)            Temple (1/1) D:7            Lair (6/6) D:7
  Snake (0/3) Lair:2        Slime (0/5) Lair:5          Orc (0/1) D:9
 Vaults (0/3) D:11
  Swamp: Lair:2-4    Shoals: Lair:2-4

Altars:
Ashenzari
Cheibriados
Dithmenos
Fedhas
Gozag
Hepliaklqana
Kikubaaqudgha
Lugonu
Makhleb
Nemelex Xobeh
Okawaru
Ru
Sif Muna
Trog
Uskayaw
Wu Jian
Xom
Yredelemnul
Zin
The Shining One
Jiyva

Shops:
D:5 [   D:7 *?((   D:8 (=   D:10 ?=(

Annotations:
Lair:2 exclusion: 2 doors
Lair:5 1 runed translucent door, zzzzzzzz's ghost, journeyman DsCK
Lair:6 Josephine


Innate Abilities, Weirdness & Mutations

You cannot wear almost all types of armour.
You are incapable of wielding weapons or throwing items.
Your paws allow you to move quietly. (Stealth)
You have sharp claws.
You have razor-sharp teeth.
You have supernaturally acute eyesight. (SInv)
You are carnivorous and can eat meat at any time.
You cover ground quickly.
Your thick and shaggy fur keeps you warm. (AC +3, rC+)
You have a slow metabolism.
Your sharp claws are effective at attacking unaware monsters.


Message History

You closely miss the blink frog.
The blink frog is heavily wounded.
The blink frog hits you!
You are too injured to fight recklessly!
You are too injured to fight recklessly!
You are too injured to fight recklessly!
You are too injured to fight recklessly!
You are too injured to fight recklessly!
You are too injured to fight recklessly!
You claw the blink frog!
The blink frog is severely wounded.
The blink frog hits you.
You barely miss the blink frog.
The blink frog is severely wounded.
The blink frog hits you!!
* * * LOW HITPOINT WARNING * * *
You closely miss the blink frog.
The blink frog is severely wounded.
The blink frog hits you!
You die...

##....#.##......................
#...............................
##......#........................
#.......................#........
.................................
....................[......P....÷
.......######....................
......## ##....F...............
......## ##....@.<..............
.......# #.##......PP...........
.......######...P#............P..
.......P.####...P#.#.............
..........#........###.#.........
....................#............
.........>......#....#...........
.......P...........#.......÷÷....
......##............#............


You could see a blink frog.

Vanquished Creatures
  Urug (Lair:3)
  2 hydras
  2 centaur warriors
  Erica (D:8)
  A catoblepas (Lair:4)
  Psyche (D:8)
  3 two-headed ogres
  A queen ant (D:10)
  2 lindwurms (Lair:4)
  A wolf spider zombie (D:11)
  A manticore (D:7)
  An ugly thing (D:11)
  Maurice (D:9)
  An elephant (Lair:1)
  7 cane toads
  Joseph (Lair:1)
  2 centaur zombies
  2 centaur skeletons
  A rime drake (Lair:2)
  3 komodo dragons
  A polar bear (Lair:5)
  3 trolls
  A hornet (D:8)
  Prince Ribbit (D:6)
  Grinder (D:6)
  9 blink frogs
  2 hippogriffs
  4 dream sheep
  A spriggan (D:7)
  A wraith (D:10)
  24 yaks
  A human (D:9)
  2 vampires
  2 wyverns
  2 basilisks
  A hungry ghost (D:10)
  A warg (D:9)
  An acid dragon (D:11)
  3 nagas (Lair:2)
  7 water moccasins
  2 crocodiles (Lair:4)
  4 orc warriors
  5 soldier ants (D:10)
  A porcupine (Lair:3)
  2 ice beasts
  3 sky beasts
  2 black bears
  2 ogres
  2 phantoms
  3 centaurs
  7 wolves
  6 bullfrogs
  A big kobold (D:8)
  A gnoll sergeant (D:8)
  3 scorpions
  5 killer bees
  3 wights (D:8)
  A howler monkey (D:6)
  6 crimson imps
  4 hounds
  A quasit (D:10)
  2 bullfrog zombies
  6 jellies
  7 orc priests
  9 orc wizards
  A bullfrog skeleton (D:6)
  7 hell rats (Lair:5)
  An iguana (D:8)
  11 worker ants
  A hound skeleton (D:4)
  Robin (D:4)
  5 adders
  16 gnolls
  3 shadow imps
  6 oozes
  3 worms
  An adder zombie (D:8)
  5 dart slugs
  42 orcs
  A ball python (D:1)
  4 bats
  4 giant cockroaches
  10 hobgoblins
  10 jackals
  A quokka (D:4)
  3 frilled lizards
  15 goblins
  2 jackal skeletons (D:6)
  12 kobolds
  2 quokka skeletons (D:4)
  8 rats
366 creatures vanquished.

Vanquished Creatures (collateral kills)
  An elephant (Lair:1)
  3 cane toads
  A hippogriff (Lair:3)
  4 blink frogs
  A crocodile (Lair:2)
  2 wolves (Lair:2)
12 creatures vanquished.

Vanquished Creatures (others)
  A water moccasin (Lair:5)
  A bush (Lair:1)
  10 fungi
  6 plants
18 creatures vanquished.

Grand Total: 396 creatures vanquished

Notes
Turn   | Place    | Note
-------+----------+-------------------------------------------
     0 | D:1      | Faustar the Felid Berserker began the quest for the Orb.
     0 | D:1      | Reached XP level 1. HP: 12/12 MP: 2/2
   188 | D:1      | You fall into a shaft and drop 1 floor!
   188 | D:2      | Reached XP level 2. HP: 16/16 MP: 3/3
   474 | D:2      | Reached XP level 3. HP: 19/20 MP: 4/4
   478 | D:2      | Reached ** piety under Trog
   508 | D:2      | Reached XP level 4. HP: 24/25 MP: 5/5
   508 | D:2      | Noticed an ogre
   617 | D:3      | Reached skill level 1 in Stealth
   800 | D:2      | Reached skill level 2 in Stealth
   873 | D:2      | Found a shattered altar of Ashenzari.
  1187 | D:2      | Reached XP level 5. HP: 29/29 MP: 6/6
  1265 | D:3      | Reached skill level 5 in Dodging
  1839 | D:1      | Found a shimmering altar of Xom.
  1841 | D:1      | Found a snail-covered altar of Cheibriados.
  1841 | D:1      | Found a shimmering altar of Xom.
  1843 | D:1      | Found a hide-covered altar of Uskayaw.
  1843 | D:1      | Found a blossoming altar of Fedhas.
  1843 | D:1      | Found a sacrificial altar of Ru.
  2537 | D:4      | Reached skill level 3 in Stealth
  2555 | D:4      | Reached *** piety under Trog
  2836 | D:4      | Reached skill level 4 in Stealth
  2836 | D:4      | Reached skill level 5 in Unarmed Combat
  2836 | D:4      | Gained mutation: You are covered in thick fur. (AC +2)
                  | [Felid growth]
  2836 | D:4      | Reached XP level 6. HP: 30/33 MP: 7/7
  2973 | D:4      | Identified the cursed +0 helmet of Ohutu {Dex+3}
  2973 | D:4      | Noticed Robin
  3002 | D:4      | Killed Robin
  3217 | D:5      | Entered Level 5 of the Dungeon
  3228 | D:5      | Found a bloodstained altar of Trog.
  3270 | D:5      | Found Gikus's Armour Boutique.
  3638 | D:5      | Reached skill level 5 in Stealth
  3935 | D:6      | Found a snail-covered altar of Cheibriados.
  3935 | D:6      | Found a shadowy altar of Dithmenos.
  3936 | D:6      | Found an ornate altar of the Wu Jian Council.
  3962 | D:6      | Found a sparkling altar of Nemelex Xobeh.
  4003 | D:6      | Reached XP level 7. HP: 37/37 MP: 8/8
  4030 | D:6      | Reached skill level 6 in Stealth
  4030 | D:6      | Noticed Grinder
  4035 | D:6      | Paralysed by Grinder for 3 turns
  4047 | D:6      | Paralysed by Grinder for 4 turns
  4052 | D:6      | Killed Grinder
  4053 | D:6      | Noticed Prince Ribbit
  4056 | D:6      | Killed Prince Ribbit
  4225 | D:6      | Reached skill level 7 in Stealth
  4230 | D:6      | Reached **** piety under Trog
  4363 | D:6      | Reached XP level 8. HP: 42/42 MP: 9/9
  4459 | D:7      | Found a staircase to the Ecumenical Temple.
  4474 | D:7      | Reached skill level 8 in Stealth
  4512 | D:7      | Found Biv Zempeh's Assorted Antiques.
  4531 | D:7      | Found Xoof's Antique Weapon Emporium.
  4590 | D:7      | Noticed a spriggan baker
  4592 | D:7      | Killed a spriggan baker
  4621 | D:7      | Found Liam's Antique Weapon Emporium.
  4649 | D:7      | Reached skill level 9 in Stealth
  4649 | D:7      | Noticed a centaur warrior
  4653 | D:7      | Killed a centaur warrior
  4668 | D:7      | Reached skill level 10 in Stealth
  4668 | D:7      | Noticed a manticore
  4671 | D:7      | Killed a manticore
  4690 | D:7      | Reached XP level 9. HP: 45/45 MP: 10/10
  4690 | D:7      | Noticed a death knight
  4698 | D:7      | Slain by a death knight
  4699 | D:7      | Reached XP level 8. HP: -1/42 MP: 9/9
  4718 | D:7      | Reached skill level 11 in Stealth
  4718 | D:7      | Noticed a wraith
  5067 | D:7      | Found Ymixt's Magic Scroll Emporium.
  5073 | D:7      | Bought a scroll of teleportation for 39 gold pieces
  5132 | Temple   | Entered the Ecumenical Temple
  5175 | D:8      | Noticed a hornet
  5187 | D:8      | Killed a hornet
  5288 | D:8      | Reached skill level 1 in Evocations
  5344 | D:8      | Reached XP level 9. HP: 45/45 MP: 9/11
  5344 | D:8      | Noticed Erica
  5348 | D:8      | Reached skill level 12 in Stealth
  5348 | D:8      | Noticed a two-headed ogre
  5472 | D:8      | Reached skill level 13 in Stealth
  5472 | D:8      | Noticed Psyche
  5486 | D:8      | Killed Psyche
  5515 | D:8      | Found Gaby's Antique Weapon Shoppe.
  5953 | D:9      | Noticed Maurice
  5958 | D:9      | Killed Maurice
  6012 | D:9      | Reached ***** piety under Trog
  6065 | D:9      | Reached XP level 10. HP: 49/49 MP: 14/14
  6316 | D:9      | Found a staircase to the Orcish Mines.
  6962 | D:8      | Reached skill level 14 in Stealth
  7059 | D:8      | Killed Erica
  7371 | D:10     | Entered Level 10 of the Dungeon
  7393 | D:9      | Identified a scroll of acquirement
  7494 | D:8      | Found Likim's Jewellery Shop.
  7620 | D:8      | Killed a two-headed ogre
  7779 | D:7      | Found a staircase to the Lair.
  7786 | Lair:1   | Entered Level 1 of the Lair of Beasts
  7849 | Lair:1   | Reached skill level 5 in Evocations
  7850 | Lair:1   | Reached skill level 10 in Unarmed Combat
  7852 | Lair:1   | Noticed an elephant
  7852 | Lair:1   | Noticed an elephant
  7870 | Lair:1   | Noticed an elephant
  7886 | Lair:1   | Noticed an elephant
  7886 | Lair:1   | Mangled by a yak
  7887 | Lair:1   | Reached XP level 9. HP: -8/45 MP: 14/14
  7958 | Lair:1   | Reached skill level 15 in Stealth
  7958 | Lair:1   | Noticed an elephant
  7960 | Lair:1   | Noticed an elephant
  8031 | Lair:1   | Noticed a cane toad
  8040 | Lair:2   | Found a staircase to the Snake Pit.
  8040 | Lair:2   | Reached XP level 10. HP: 49/49 MP: 16/16
  8058 | Lair:1   | Noticed Joseph
  8061 | Lair:1   | Killed Joseph
  8544 | Lair:1   | Killed a cane toad
  8634 | Lair:1   | Noticed a cane toad
  8643 | Lair:1   | Killed a cane toad
  8644 | Lair:1   | Noticed a cane toad
  8654 | Lair:1   | Killed a cane toad
  8654 | Lair:1   | Noticed a cane toad
  8658 | Lair:1   | Killed a cane toad
  8872 | Lair:2   | Noticed a five-headed hydra
  8884 | Lair:2   | Reached skill level 16 in Stealth
  9093 | Lair:3   | Noticed a cane toad
  9103 | Lair:3   | Killed a cane toad
  9194 | Lair:3   | Noticed a cane toad
  9199 | Lair:3   | Killed a cane toad
  9357 | Lair:3   | Reached XP level 11. HP: 53/53 MP: 18/18
  9357 | Lair:3   | Noticed Urug
  9366 | Lair:3   | Killed Urug
 10015 | Lair:4   | Noticed a catoblepas
 10027 | Lair:4   | Noticed a five-headed hydra
 10035 | Lair:4   | Killed a five-headed hydra
 10339 | Lair:5   | Reached skill level 17 in Stealth
 10413 | Lair:5   | Found a viscous altar of Jiyva.
 10474 | Lair:5   | Found a staircase to the Slime Pits.
 10474 | Lair:5   | Found a viscous altar of Jiyva.
 10528 | Lair:5   | Reached skill level 10 in Evocations
 11236 | Lair:6   | Entered Level 6 of the Lair of Beasts
 11243 | Lair:6   | Noticed a death yak
 11243 | Lair:6   | Noticed a death yak
 11244 | Lair:6   | Noticed a death yak
 11244 | Lair:6   | Noticed a death yak
 11245 | Lair:6   | Noticed a death yak
 11246 | Lair:6   | Noticed a death yak
 11247 | Lair:6   | Noticed Josephine
 11292 | Lair:4   | Noticed a lindwurm
 11301 | Lair:4   | Noticed a lindwurm
 11301 | Lair:4   | Noticed a lindwurm
 11301 | Lair:4   | Noticed a lindwurm
 11303 | Lair:4   | Killed a lindwurm
 11305 | Lair:4   | Killed a lindwurm
 11321 | Lair:4   | Gained mutation: Your thick and shaggy fur keeps you warm.
                  | (AC +3, rC+) [Felid growth]
 11321 | Lair:4   | Reached XP level 12. HP: 43/58 MP: 21/21
 11326 | Lair:4   | Reached skill level 18 in Stealth
 11718 | D:10     | Found Sasuo's Jewellery Boutique.
 11798 | D:10     | Noticed a queen ant
 11923 | D:10     | Killed a queen ant
 12035 | D:10     | Noticed a two-headed ogre
 12053 | D:10     | Killed a two-headed ogre
 12098 | D:10     | Found Muyhenot's Weapon Emporium.
 12140 | D:11     | HP: 1/87 [cyan ugly thing (17)]
 12324 | D:11     | Noticed a centaur warrior
 12330 | D:11     | Killed a centaur warrior
 12338 | D:11     | Reached skill level 19 in Stealth
 12608 | D:11     | Noticed a two-headed ogre
 12645 | D:11     | Found a gate to the Vaults.
 12649 | D:11     | Killed a two-headed ogre
 12753 | D:11     | Noticed a tengu warrior
 12841 | D:10     | Found Kuenex's Magic Scroll Emporium.
 12997 | D:7      | Bought a scroll of acquirement for 676 gold pieces
 12997 | D:7      | Identified the ring of Democracy {rElec rF++ Int+6 Dex-2}
                  | (You acquired it on level 7 of the Dungeon)
 12999 | D:7      | Identified the ring "Cipib" {+Fly rF+ rC- Str+3 SInv} (You
                  | acquired it on level 7 of the Dungeon)
 13029 | D:7      | Found a burning altar of Makhleb.
 14219 | Lair:2   | Killed a five-headed hydra
 14900 | Lair:4   | Killed a catoblepas
 15450 | Lair:5   | Found a runed translucent door.
 15451 | Lair:5   | Found a shimmering altar of Xom.
 15451 | Lair:5   | Noticed zzzzzzzz's ghost (journeyman DsCK)
 15451 | Lair:5   | Reached skill level 5 in Fighting
 15838 | Lair:5   | Demolished by a komodo dragon
 15839 | Lair:5   | Reached XP level 11. HP: -15/56 MP: 22/22
 15930 | Lair:5   | Mangled by a blink frog

Skill      XL: |  1  2  3  4  5  6  7  8  9 10 11 12 |
---------------+-------------------------------------+-----
Unarmed Combat | 4 5 6 8 9 11 12 | 12.5
Fighting       | 4 5 |  5.3
Stealth        | 2 4 5 7 11 15 16 17 19 | 19.0
Dodging        | 5 6 8 |  8.8
Evocations     | 2 7 8 11 13 | 13.7

Action                   |  1- 3 |  4- 6 |  7- 9 | 10-12 || total
-------------------------+-------+-------+-------+-------++-------
Melee: Unarmed           |    46 |   226 |   208 |   640 ||  1120
       Bite              |     4 |    21 |    18 |    70 ||   113
       Punch             |     1 |     3 |     8 |    27 ||    39
Invok: Berserk           |     2 |       |     8 |    29 ||    39
       Trog's Hand       |       |       |     3 |    15 ||    18
       Brothers in Arms  |       |       |       |     6 ||     6
Evoke: Wand              |       |     6 |    16 |    30 ||    52
  Use: Scroll            |       |     3 |     6 |    15 ||    24
       Potion            |       |       |     1 |     7 ||     8
 Stab: Sleeping          |       |    13 |    16 |    52 ||    81
       Distracted        |       |     2 |     1 |     6 ||     9
       Petrified         |       |     3 |       |       ||     3
       Petrifying        |       |     1 |       |       ||     1
  Eat: Chunk             |     9 |    11 |    21 |    63 ||   104
Armor: Skin              |     1 |    21 |    16 |    42 ||    80
Dodge: Dodged            |    29 |   198 |   169 |   485 ||   881
